 Dungeon Crawl Stone Soup version 0.31-a0-1388-g4b2ba238e7 (webtiles) character file.

Game seed: 13420503103627608516

1758009 freelancePsychic the Wrestler (level 26, 367/367 HPs)
             Began as an Oni Gladiator on Dec 23, 2023.
             Was an Initiate of Gozag.
             Escaped with the Orb
             ... and 3 runes
             ... and 1 gem on Dec 24, 2023!
             The game lasted 01:54:11 (66575 turns).

freelancePsychic the Wrestler (Oni Gladiator)      Turns: 66575, Time: 01:54:12

Health: 367/367    AC: 33    Str: 25    XL:     26   Next: 38%
Magic:  32/32      EV: 21    Int:  8    God:    Gozag
Gold:   2747       SH: 32    Dex: 18    Spells: 34/37 levels left

rFire   + +          +
                       - Unarmed
rCold   + . .        O - +10 tower shield of Ignorance {rN+ Int-4}
rNeg    + + +        Y - melded +2 acid dragon scales
rPois   ∞            g - +2 hat {Int+3}
rElec   +            u - +2 cloak {Stlth+}
rCorr   .            (gloves unavailable)
SInv    .            (boots unavailable)
Will    +++++        n - amulet of the Four Winds {rN+ Will+++ Clar}
Stlth   ++           j - ring of the Ubiquitous Lemon {rF+ Slay+4}
HPRegen 0.81/turn    l - ring of Ephemeral Luck {rPois rF++ rC+ Will+}
MPRegen 0.23/turn

%: clarity
@: statue-form, studying Earth Magic, very slow
A: slow and powerful, torment resistance 1, boosted hp, large, unfitting armour,
horns 1, (tough skin 1), double potion healing, drunken brawling
0: Orb of Zot
}: 3/15 runes: barnacled, silver, gossamer
a: Begin Untransformation, Renounce Religion, Potion Petition, Call Merchant,
Bribe Branch


You escaped.
You worshipped Gozag.
Gozag was most pleased with you.
You were a living statue of rough stone.
You visited 10 branches of the dungeon, and saw 48 of its levels.
You visited the Abyss 1 time.
You also visited: Sewer, Ossuary, Bailey, Ice Cave, Wizlab and Desolation.

You collected 27607 gold pieces.
You spent 3446 gold pieces at shops.
You paid 21414 gold pieces to Gozag.

Inventory:

Missiles
 d - 2 throwing nets
 e - 130 large rocks (quivered)
 w - 13 curare-tipped darts
Armour
 g - a +2 hat of intelligence (worn)
 u - a +2 cloak of stealth (worn)
 O - the +10 tower shield of Ignorance (worn) {rN+ Int-4}
   (You bought it in a shop on level 1 of the Vaults)

   Int-4:     It affects your intelligence (-4).
   rN+:       It protects you from negative energy.
 Y - +2 acid dragon scales (melded)
Jewellery
 j - the ring of the Ubiquitous Lemon (left fist) {rF+ Slay+4}
   (You found it on level 2 of the Vaults)

   [ring of slaying]

   Slay+4:    It affects your accuracy & damage with ranged weapons and melee
   (+4).
   rF+:       It protects you from fire.
 l - the ring of Ephemeral Luck (right fist) {rPois rF++ rC+ Will+}
   (You found it on level 3 of the Elven Halls)

   [ring of willpower]

   rF++:      It greatly protects you from fire.
   rC+:       It protects you from cold.
   rPois:     It protects you from poison Will+: It increases your willpower.
 n - the amulet of the Four Winds (around neck) {rN+ Will+++ Clar}
   (You found it on level 7 of the Dungeon)

   [amulet of nothing]

   rN+:       It protects you from negative energy.
   Will+++:   It greatly increases your willpower.
   Clar:      It protects you from confusion, rage, mesmerisation and fear.
 y - a ring of ice
 N - a ring of protection from cold
Talismans
 f - a granite talisman (active)
 z - a storm talisman
Wands
 s - a wand of mindburst (15)
 x - a wand of quicksilver (20)
 B - a wand of charming (51)
 K - a wand of digging (18)
 P - a wand of polymorph (12)
 W - a wand of roots (29)
 X - a wand of flame (60)
Scrolls
 b - 19 scrolls of identify {@r1}
 h - 5 scrolls of fog
 k - a scroll of butterflies
 p - 4 scrolls of immolation
 r - 17 scrolls of teleportation {@r4}
 t - 4 scrolls of fear
 v - 4 scrolls of amnesia
 E - a scroll of blinking
 I - 2 scrolls of poison
 M - 7 scrolls of enchant armour
 R - 6 scrolls of revelation
 V - a scroll of silence
Potions
 c - 5 potions of ambrosia
 i - 5 potions of brilliance
 m - 6 potions of curing {@q1}
 o - 2 potions of invisibility
 A - 3 potions of might
 C - 5 potions of mutation
 D - a potion of magic
 F - a potion of attraction
 G - 12 potions of enlightenment
 H - 3 potions of cancellation
 J - 6 potions of resistance
 L - 3 potions of haste {@q3}
 Q - 3 potions of berserk rage {unknown}
 U - 5 potions of lignification
Miscellaneous
 a - a lightning rod (4/4)
 q - a condenser vane
 S - a phantom mirror
 T - a phial of floods
 Z - a sack of spiders


   Skills:
 - Level 20.0 Fighting
 - Level 3.0 Maces & Flails
 - Level 7.9 Throwing
 - Level 20.0 Dodging
 - Level 5.8 Stealth
 - Level 20.0 Shields
 + Level 22.4 Unarmed Combat
 - Level 6.1 Spellcasting
 - Level 8.1 Necromancy
 - Level 5.5 Evocations
 - Level 17.1 Shapeshifting


You had 34 spell levels left.
You knew the following spells:

 Your Spells              Type           Power      Damage    Failure   Level
a - Fugue of the Fallen   Necr           15%        N/A       4%          3

Your spell library contained the following spells:

 Spells                   Type           Power      Damage    Failure   Level
 Necrotise                Necr           60%        1d7       1%          1
 Vampiric Draining        Necr           15%        2d7       4%          3
 Kiss of Death            Conj/Necr      32%        2d7       7%          1
 Cigotuvi's Dreadful Rot  Necr/Alch/Air  12%        N/A       19%         2
 Apportation              Tloc           4%         N/A       36%         1
 Freeze                   Ice            8%         1d3       36%         1
 Magic Dart               Conj           8%         1d3       36%         1
 Sting                    Conj/Alch      8%         1d3       36%         1
 Agony                    Necr           15%        N/A       36%         5
 Blink                    Tloc           4%         N/A       50%         2
 Ensorcelled Hibernation  Hex/Ice        4%         N/A       50%         2
 Jinxbite                 Hex            4%         N/A       50%         2
 Lesser Beckoning         Tloc           4%         N/A       50%         2
 Mercury Vapours          Alch/Air       4%         N/A       50%         2
 Momentum Strike          Conj/Tloc      4%         3d8       50%         2
 Passwall                 Alch/Erth      1%         N/A       50%         2
 Scorch                   Fire           4%         2d5       50%         2
 Searing Ray              Conj           4%         2d4       50%         2
 Anguish                  Hex/Necr       4%         N/A       56%         4
 Call Canine Familiar     Summ           2%         N/A       75%         3
 Dazzling Flash           Conj/Hex       4%         N/A       75%         3
 Frozen Ramparts          Ice            4%         1d1       75%         3
 Hailstorm                Conj/Ice       2%         3d5       75%         3
 Inner Flame              Hex/Fire       2%         N/A       75%         3
 Mephitic Cloud           Conj/Alch/Air  2%         N/A       75%         3
 Ozocubu's Armour         Ice            2%         N/A       75%         3
 Sigil of Binding         Hex            2%         N/A       75%         3
 Summon Guardian Golem    Hex/Summ       2%         N/A       75%         3
 Teleport Other           Tloc           2%         N/A       75%         3
 Tukima's Dance           Hex            2%         N/A       75%         3
 Volatile Blastmotes      Fire/Tloc      4%         2d10      75%         3
 Airstrike                Air            1%         2d(1-17)  98%         4
 Dimensional Bullseye     Hex/Tloc       1%         N/A       98%         4
 Flame Wave               Conj/Fire      2%         2d4       98%         4
 Fulminant Prism          Conj/Alch      1%         3d5       98%         4
 Ignite Poison            Fire/Alch      2%         N/A       98%         4
 Iskenderun's Mystic Bla  Conj/Tloc      2%         2d3       98%         4
 Manifold Assault         Tloc           2%         N/A       98%         4
 Olgreb's Toxic Radiance  Alch           2%         N/A       98%         4
 Passage of Golubria      Tloc           2%         N/A       98%         4
 Sticky Flame             Fire/Alch      2%         2d4       98%         4
 Vhi's Electric Charge    Tloc/Air       4%         N/A       98%         4
 Alistair's Intoxication  Alch           1%         N/A       100%        5
 Arcjolt                  Conj/Air       1%         1d11      100%        5
 Freezing Cloud           Conj/Ice/Air   1%         6-21      100%        5
 Irradiate                Conj/Alch      1%         3d12      100%        5
 Metabolic Englaciation   Hex/Ice        1%         N/A       100%        5
 Silence                  Hex/Air        1%         N/A       100%        5
 Yara's Violent Unravell  Hex/Alch       1%         3d3       100%        5
 Conjure Ball Lightning   Conj/Air       1%         3x3d6     100%        6
 Summon Cactus Giant      Summ           1%         N/A       100%        6
 Haunt                    Necr/Summ      4%         N/A       100%        7
 Malign Gateway           Summ/Tloc      1%         N/A       100%        7
 Orb of Destruction       Conj           1%         9d5       100%        7
 Ozocubu's Refrigeration  Ice            1%         4d7       100%        7
 Spellforged Servitor     Conj/Summ      1%         N/A       100%        7
 Borgnjor's Revivificati  Necr           7%         N/A       100%        8
 Discord                  Hex            1%         N/A       100%        8
 Disjunction              Tloc           1%         N/A       100%        8
 Maxwell's Capacitive Co  Air            1%         ∞         100%        8
 Death's Door             Necr           7%         N/A       100%        9
 Polar Vortex             Ice            1%         N/A       100%        9
 Simulacrum               Ice/Necr       Unusable   N/A       N/A         6

Dungeon Overview and Level Annotations

Branches:
Dungeon (15/15)            Temple (1/1) D:6            Lair (5/5) D:9
 Shoals (4/4) Lair:2       Spider (4/4) Lair:3        Slime (0/5) Lair:5
    Orc (2/2) D:11            Elf (3/3) Orc:2        Vaults (5/5) D:14
  Crypt (0/3) Vaults:3     Depths (4/4) D:15            Zot (5/5) Depths:4
  Sewer (visited)         Ossuary (visited)          Bailey (visited)
  IceCv (visited)          WizLab (visited)         Desolation (visited)

Altars:
Ashenzari
Cheibriados
Dithmenos
Elyvilon
Fedhas
Gozag
Hepliaklqana
Kikubaaqudgha
Makhleb
Nemelex Xobeh
Okawaru
Qazlal
Ru
Sif Muna
Trog
Uskayaw
Vehumet
Wu Jian
Xom
Yredelemnul
Zin
The Shining One

Shops:
D:3 ?   D:6 (   D:7 (   D:8 [(   D:10 ?(   D:12 =   D:13 !   Orc:2 (([(
Elf:1 *   Elf:3 *   Lair:3 =   Shoals:1 *   Vaults:1 [   Vaults:2 :
Vaults:4 *

Portals:
Hell: Depths:1 Depths:2 Depths:3 Depths:4
Abyss: Lair:4 Depths:1 Depths:2 Depths:3 Depths:4
Pandemonium: Depths:2
Ziggurat: Depths:1
Trove: D:10 (give +2 storm dragon scales)

Annotations:
D:7 exclusion: gnoll
D:12 3 runed translucent doors, Enofyubu's ghost, journeyman MiHu
Lair:2 exclusion: oklob plant
Lair:4 2 transporters, Zyxuithu's ghost, journeyman MeSh
Shoals:1 Roxanne
Shoals:2 1 runed translucent door, MysticSailboat's ghost, journeyman GnAr
Spider:1 Rupert
Elf:2 1 runed translucent door
Elf:3 exclusion: orange crystal statue
Vaults:3 exclusion: 3 skysharks, Norris


Innate Abilities, Weirdness & Mutations

You are a living statue of rough stone.
Your actions are slow, but your melee attacks are powerful.
You are resistant to unholy torment.
Your maximum health is greatly increased.
Your equipment is partially melded.
You are too large for most types of armour.
You are immune to poison.
You have a pair of small horns on your head.
((You have tough skin. (AC +1)))
You gain doubled healing and magic from potions.
Whenever you drink a healing potion, you attack all around you.


Message History

No target in view!
No target in view!
No target in view!
No target in view!
No target in view!
No target in view!
No target in view!
No target in view!
No target in view!
No target in view!
No target in view!
No target in view!
No target in view!
No target in view!
No target in view!
No target in view!
What level of the Dungeon? (default 1, ? - help)
You now have 2747 gold pieces (gained 11).
There is a stone staircase leading up here.
You climb upwards.
There is a stone staircase leading down here.
Items here: ( ))).
Items here: ))) [.
Things that are here:
a +0 halberd; a +0 mace You see here a +0 heavy halberd.
There is a stone staircase leading up, spattered with blood here.
You climb upwards.
There is a stone staircase leading down here.
There is an open door here.
You see here a +0 flail.
There is a stone staircase leading up here.
You climb upwards.
There is a stone staircase leading down here.
There is a stone staircase leading up here.
You climb upwards.
HP restored.
There is a stone staircase leading down here.
You enter the shallow water.
There is a staircase leading out of the dungeon here.
You have escaped!

...........♣.....................
..#####.P.......#.##############.
..# #..........#.......########.
..####...........................
....##......###########.#######..
###.##....#.#.#.#.#.#.#..)....#..
#.##.....#.#.#.#.#.#.###..#.#..
#.##....#.#.≈≈≈≈≈.#.##....#...#
#.#####..#.#≈.8.≈#.#.#.#.......
#.# ###.#.≈...≈.#.##.####.... #
#.# #.#.#≈...≈#.#.#.........
###.#######.#.~~~~~.#.###....##..
........÷..#.#.#.#.#.#.##.#####..
........###.#.#.#.#.#.###.# #..
#......## ###############.# #..
#......# ###..####### #......#
#.......#


There were no monsters in sight!

Vanquished Creatures
  A juggernaut (Depths:4)
  A pandemonium lord (Depths:1)
  Saint Roka (Orc:2)
  Margery (Depths:4)
  A caustic shrike (Depths:2)
  Nikola (Shoals:4)
  A golden dragon (Depths:2)
  2 electric golems (Zot:1)
  A Brimstone Fiend (Depths:1)
  A Tzitzimitl (Depths:1)
  A hellephant (Depths:4)
  A Hell Sentinel (D:10)
  An Ice Fiend (Depths:4)
  5 tentacled monstrosities
  3 deep elf blademasters
  4 quicksilver dragons
  3 titans (Vaults:5)
  6 liches
  4 Orb Guardians
  3 sphinxes
  4 deep elf master archers
  3 death cobs
  2 eldritch tentacles (WizLab)
  2 tentacled starspawn
  An Executioner (WizLab)
  12 shadow dragons
  6 storm dragons
  A kraken (Shoals:2)
  Gastronok (Lair:1)
  7 tengu reavers
  Aizul (Spider:4)
  Donald (Vaults:4)
  2 draconian knights
  A draconian monk (Zot:1)
  16 fire giants
  Ilsuiw (Shoals:3)
  11 deep elf sorcerers (Elf:3)
  2 imperial myrmidons (Desolation)
  Louise (D:13)
  5 draconian shifters
  An iron dragon (Vaults:2)
  8 frost giants
  7 emperor scorpions
  11 vault wardens
  A draconian scorcher (Zot:4)
  6 ghost moths
  A reaper (WizLab)
  3 orc warlords
  2 balrugs
  A draconian annihilator (Zot:1)
  4 spriggan defenders (Depths:4)
  4 broodmothers
  A cacodemon (D:8)
  7 deep elf elementalists (Elf:3)
  18 ironbound preservers
  2 draconian stormcallers
  28 very ugly things
  15 stone giants
  3 war gargoyles
  2 vampire knights
  3 ironbound thunderhulks
  The ghost of Naluerik the Fencer, a journeyman MiFi of Yredelemnul (D:14)
  A demonspawn blood saint (Depths:1)
  8 deep elf annihilators (Elf:3)
  4 black draconians
  4 deep elf death magi (Elf:3)
  4 deep elf demonologists
  2 yellow draconians
  A white draconian (Zot:4)
  2 green draconians
  13 dire elephants
  2 halazid warlocks (Desolation)
  9 red draconians
  2 purple draconians (Zot:1)
  An eidolon (Vaults:3)
  2 spark wasps (Spider:4)
  2 blizzard demons
  2 green deaths (Depths:1)
  11 ettins
  7 merfolk javelineers
  A quicksilver dragon zombie (Depths:1)
  3 crystal guardians
  13 merfolk impalers
  A shambling mangrove (Abyss:3)
  8 entropy weavers
  6 ragged hierophants (Desolation)
  A jiangshi (Vaults:3)
  Josephine (Lair:3)
  5 servants of whispers (Desolation)
  13 deep elf high priests
  13 vault guards
  12 fire dragons
  10 ice dragons
  7 rakshasas
  5 peacekeepers
  6 great orbs of eyes
  6 ironbound frosthearts
  15 yaktaur captains
  2 spriggan air magi
  A jorogumo (Spider:2)
  2 merfolk avatars (Shoals:4)
  A catoblepas (Lair:5)
  12 hydras
  6 centaur warriors
  2 merfolk aquamancers
  A radroach (Spider:2)
  5 boulder beetles
  2 two-headed ogres
  A two-headed ogre (shapeshifter) (Vaults:5)
  6 tengu warriors
  3 satyrs
  3 hell hogs (D:10)
  10 deep troll shamans
  3 thrashing horrors
  6 demonic crawlers
  A death scarab (Spider:4)
  21 deep troll earth magi
  8 spriggan berserkers
  26 dancing weapons
  Urug (Lair:3)
  7 death yaks
  3 orc high priests
  An occultist (Depths:2)
  14 deep elf knights
  2 soul eaters
  17 hell knights
  5 sun demons
  7 skeletal warriors (D:15)
  9 skysharks
  3 spriggans (Depths:4)
  3 sixfirhies
  A shadow wraith (WizLab)
  7 iron trolls
  21 sea snakes
  7 pharaoh ants
  9 orb spiders
  A shadow demon (Depths:1)
  2 flayed ghosts
  13 ironbound convokers
  53 deep trolls
  19 deep elf archers
  8 glowing orange brains
  2 sun moths
  13 orc knights
  Pikel (D:8)
  13 lindwurms
  5 phantasmal warriors
  A tengu zombie (Depths:3)
  7 arcanists
  2 obsidian statues (WizLab)
  20 deep elf zephyrmancers
  A mana viper (WizLab)
  16 harpies
  7 necromancers
  A shining eye (shapeshifter) (Depths:2)
  37 deep elf pyromancers
  A tengu skeleton (Depths:1)
  11 steelbarb worms
  22 wolf spiders
  An iron dragon zombie (Depths:1)
  20 manticores
  42 ugly things
  14 cyclopes
  8 fauns
  7 kobold blastminers (Orc:2)
  2 human zombies (Vaults:4)
  9 merfolk sirens
  11 elephants
  3 worldbinders (Abyss:3)
  3 large abominations
  A rust devil (Zot:1)
  7 black mambas
  A frost giant skeleton (Depths:3)
  5 guardian serpents (Desolation)
  5 moths of wrath
  19 vault sentinels
  An ice statue (Spider:2)
  9 water nymphs
  An eye of devastation (shapeshifter) (WizLab)
  An apocalypse crab (Abyss:3)
  7 torpor snails
  2 smoke demons
  2 orange demons (D:8)
  2 gargoyles
  35 yaktaurs
  11 cane toads
  An efreet (WizLab)
  5 tengu conjurers
  4 unseen horrors
  5 rime drakes
  10 komodo dragons
  3 anaconda simulacra (IceCv)
  A freezing wraith (WizLab)
  A red devil (Depths:1)
  8 trolls
  6 polar bears
  A harpy zombie (Abyss:3)
  19 merfolk
  A hellwing (Abyss:3)
  A tengu simulacrum (Depths:1)
  A polar bear (shapeshifter) (D:14)
  36 saltlings (Desolation)
  8 wind drakes
  7 hornets
  An alligator simulacrum (IceCv)
  A raiju (shapeshifter) (D:12)
  11 snapping turtles
  25 tarantellas
  16 dream sheep
  A frost giant simulacrum (Depths:3)
  A fire giant simulacrum (Vaults:4)
  24 blink frogs
  13 slime creatures
  18 culicivoras
  An ettin zombie (Depths:1)
  An air elemental (Elf:1)
  23 jumping spiders
  A culicivora (shapeshifter) (D:14)
  2 shadows (D:9)
  A vampire (D:13)
  A ynoxinul (Abyss:3)
  16 water elementals
  A dire elephant simulacrum (IceCv)
  8 wraiths
  2 wyverns (Lair:3)
  3 basilisks
  37 yaks
  2 fire elementals
  52 redbacks
  4 wargs
  5 steam dragons
  Grum (D:11)
  10 vampire mosquitoes
  A neqoxec (Depths:4)
  A redback simulacrum (D:15)
  A spatial vortex (Abyss:3)
  A harpy simulacrum (IceCv)
  2 acid dragons (D:10)
  A glowing shapeshifter skeleton (Depths:3)
  12 water moccasins
  6 black bears
  32 orc warriors
  A black bear (shapeshifter) (D:13)
  A sky beast (D:6)
  2 small abominations (Abyss:3)
  A tengu (shapeshifter) (D:15)
  3 centaurs
  An ettin simulacrum (IceCv)
  9 starcursed masses (WizLab)
  5 ogres
  11 boggarts
  A centaur (shapeshifter) (Elf:2)
  16 wolves
  4 lemures
  2 kobold brigands
  2 brain worms (Sewer)
  3 gnoll sergeants
  3 scorpions
  11 bullfrogs
  2 human skeletons
  2 earth elementals
  A lindwurm simulacrum (IceCv)
  6 killer bees (D:9)
  5 howler monkeys
  A troll skeleton (D:14)
  3 electric eels
  5 spriggan skeletons (D:14)
  A hound (D:6)
  2 gnoll boudas (D:4)
  An iron imp (Abyss:3)
  30 orc priests
  4 iguanas
  A sleepcap (D:6)
  26 orc wizards
  8 mummies (Ossuary)
  19 gnolls
  10 adders
  4 river rats (Sewer)
  A white imp (D:4)
  2 worms
  2 dart slugs
  121 orcs
  9 ball pythons
  12 endoplasms
  3 giant cockroaches
  2 gnoll zombies (Ossuary)
  15 goblins
  13 hobgoblins
  7 jackals
  17 kobolds
  4 quokkas
  5 bats
  4 frilled lizards
  3 hobgoblin zombies (Ossuary)
  A kobold zombie (Ossuary)
  2 orc zombies (Ossuary)
  11 rats
  A starspawn tentacle (Abyss:3)
2077 creatures vanquished.

Vanquished Creatures (collateral kills)
  A dread lich (Zot:5)
  2 ancient liches
  A Killer Klown (Zot:5)
  A golden dragon (Vaults:5)
  2 electric golems (Zot:5)
  A quicksilver dragon (Vaults:5)
  6 Orb Guardians (Zot:5)
  2 death cobs (Zot:5)
  3 storm dragons (Zot:5)
  A draconian knight (Zot:5)
  A shadow dragon (Zot:5)
  A daeva (Zot:5)
  A balrug (Zot:1)
  An ironbound preserver (Vaults:5)
  2 draconian annihilators (Zot:5)
  A deep elf death mage (Vaults:5)
  A white draconian (Zot:5)
  A purple draconian (Zot:5)
  2 red draconians (Zot:5)
  A yaktaur captain (Vaults:5)
  A deep elf high priest (Vaults:5)
  2 vault guards (Vaults:5)
  A sun demon (Zot:1)
  A shadow wraith (Vaults:5)
  An ironbound convoker (Vaults:5)
  3 moths of wrath (Zot:5)
41 creatures vanquished.

Vanquished Creatures (others)
  An orb of fire (Zot:1)
  Mennas (Vaults:5)
  3 Killer Klowns (Zot:5)
  A tentacled monstrosity (Zot:5)
  12 Orb Guardians (Zot:5)
  A sphinx (Vaults:5)
  3 shadow dragons (Vaults:5)
  A death cob (Zot:5)
  A tengu reaver (Vaults:5)
  A fire giant (Vaults:5)
  A draconian shifter (Zot:5)
  2 protean progenitors (Zot:4)
  A vault warden (Vaults:5)
  2 frost giants (Vaults:5)
  A deep elf sorcerer (Vaults:5)
  3 stone giants (Vaults:5)
  A war gargoyle (Vaults:5)
  A yellow draconian (Zot:5)
  A purple draconian (Zot:5)
  A deep elf annihilator (Vaults:5)
  A deep elf death mage (Vaults:5)
  A white draconian (Zot:5)
  2 ettins (Vaults:5)
  2 yaktaur captains (Vaults:5)
  An ogre mage (Vaults:5)
  15 vault guards (Vaults:5)
  A deep troll earth mage (Vaults:5)
  A deep elf knight (Elf:1)
  A phantasmal warrior (Vaults:5)
  A deep elf pyromancer (Vaults:5)
  2 vault sentinels (Vaults:5)
  A freezing wraith (Vaults:5)
  An orc warrior (Bailey)
  An orc wizard (Orc:2)
  An orc (Orc:2)
  4 starspawn tentacles
  5 tentacles (Shoals:2)
80 creatures vanquished.

Grand Total: 2198 creatures vanquished

Notes
Turn   | Place    | Note
-------+----------+-------------------------------------------
     0 | D:1      | freelancePsychic the Oni Gladiator began the quest for the
                  | Orb.
     0 | D:1      | Reached XP level 1. HP: 22/22 MP: 1/1
   230 | D:1      | Reached XP level 2. HP: 20/31 MP: 2/2
   232 | D:1      | Reached skill level 1 in Unarmed Combat
   662 | D:1      | Reached XP level 3. HP: 37/37 MP: 3/3
   836 | D:1      | Reached skill level 1 in Shapeshifting
  1163 | D:2      | Reached skill level 2 in Unarmed Combat
  1264 | D:2      | Reached XP level 4. HP: 45/45 MP: 4/4
  1653 | D:3      | Found an ancient bone altar of Kikubaaqudgha.
  1771 | D:3      | Found Xigekh's Magic Scroll Boutique.
  1778 | D:3      | Bought a scroll of teleportation for 42 gold pieces
  1778 | D:3      | Bought a scroll of fog for 56 gold pieces
  1778 | D:3      | Bought a scroll of noise for 14 gold pieces
  1778 | D:3      | Bought a scroll of identify for 28 gold pieces
  1778 | D:3      | Bought a scroll of identify for 28 gold pieces
  1850 | D:3      | Found a glowing drain.
  1854 | Sewer    | Entered a sewer
  1996 | Sewer    | Reached XP level 5. HP: 50/54 MP: 5/5
  2112 | Sewer    | Reached skill level 3 in Unarmed Combat
  2371 | Sewer    | Reached XP level 6. HP: 48/63 MP: 3/6
  2579 | Sewer    | Reached skill level 5 in Fighting
  2579 | Sewer    | Reached skill level 4 in Unarmed Combat
  3546 | D:4      | Found a sand-covered staircase.
  3555 | Ossuary  | Entered an ossuary
  3596 | Ossuary  | Reached XP level 7. HP: 35/72 MP: 7/7
  4653 | D:4      | Reached skill level 5 in Unarmed Combat
  5292 | D:5      | Entered Level 5 of the Dungeon
  5369 | D:5      | Reached XP level 8. HP: 56/83 MP: 8/8
  5553 | D:5      | You fall into a shaft and drop 1 floor!
  5647 | D:6      | Reached skill level 6 in Unarmed Combat
  6238 | D:7      | Found a bloodstained altar of Trog.
  6238 | D:7      | Found a hide-covered altar of Uskayaw.
  6335 | D:7      | Reached skill level 7 in Unarmed Combat
  6393 | D:7      | Reached XP level 9. HP: 94/94 MP: 9/9
  6527 | D:7      | Found a flagged portal.
  6528 | D:7      | Found a shimmering altar of Xom.
  6552 | Bailey   | Entered a bailey
  6593 | Bailey   | Reached skill level 5 in Shapeshifting
  6912 | Bailey   | Noticed an orc knight
  6947 | Bailey   | Killed an orc knight
  6948 | Bailey   | Reached skill level 8 in Unarmed Combat
  7239 | D:7      | Found a glowing golden altar of the Shining One.
  7244 | D:7      | Found Unyufets's Weapon Boutique.
  7473 | D:7      | Found the amulet of the Four Winds {rN+ Will+++ Clar}
  8189 | D:6      | Found a staircase to the Ecumenical Temple.
  8195 | Temple   | Entered the Ecumenical Temple
  8204 | Temple   | Became a worshipper of Gozag Ym Sagoz the Greedy
  8959 | D:5      | Found an ornate altar of the Wu Jian Council.
  9098 | D:8      | Found Hiodygutil's Antique Weapon Shop.
  9245 | D:7      | Reached XP level 10. HP: 89/107 MP: 10/10
  9304 | D:7      | Reached skill level 9 in Unarmed Combat
  9642 | D:8      | Noticed Pikel
  9677 | D:8      | Killed Pikel
  9833 | D:8      | Found a sparkling altar of Nemelex Xobeh.
  9900 | D:8      | Found a snail-covered altar of Cheibriados.
  9969 | D:8      | Found Meqaxt's Antique Armour Emporium.
 10313 | D:9      | Found a burning altar of Makhleb.
 10411 | D:9      | Reached skill level 10 in Fighting
 10677 | D:9      | Found a staircase to the Lair.
 10948 | D:9      | Reached skill level 10 in Unarmed Combat
 11556 | D:10     | Entered Level 10 of the Dungeon
 11743 | D:10     | Found Xiojyhun's Antique Weapon Emporium.
 11881 | D:10     | Found a blossoming altar of Fedhas.
 11967 | D:10     | Found a portal to a secret trove of treasure.
 12317 | D:10     | Noticed a two-headed ogre
 12323 | D:10     | Killed a two-headed ogre
 12324 | D:10     | Reached XP level 11. HP: 85/120 MP: 11/11
 12601 | D:10     | Found a blossoming altar of Fedhas.
 12885 | D:10     | Found Xiojyhun's Antique Weapon Emporium.
 13072 | D:11     | Noticed a manticore
 13087 | D:11     | Killed a manticore
 13398 | D:11     | Noticed a cyclops
 13525 | D:11     | Killed a cyclops
 13848 | Lair:1   | Entered Level 1 of the Lair of Beasts
 14005 | Lair:1   | Reached skill level 11 in Unarmed Combat
 15208 | Lair:1   | Noticed Gastronok
 15386 | Lair:2   | Noticed a six-headed hydra
 15397 | Lair:2   | Killed a six-headed hydra
 15408 | Lair:2   | Reached XP level 12. HP: 106/133 MP: 12/12
 15536 | Lair:2   | Noticed a death yak
 15549 | Lair:2   | Killed a death yak
 15550 | Lair:2   | Reached skill level 10 in Shapeshifting
 15688 | Lair:2   | Reached skill level 1 in Evocations
 15990 | Lair:2   | Found a bloodstained altar of Trog.
 15999 | Lair:2   | Noticed a skyshark
 16014 | Lair:2   | Killed a skyshark
 16017 | Lair:2   | Reached skill level 12 in Unarmed Combat
 16378 | Lair:2   | Noticed a seven-headed hydra
 16646 | Lair:2   | Found a staircase to the Shoals.
 16714 | Lair:2   | Noticed a four-headed hydra
 16722 | Lair:2   | Killed a four-headed hydra
 16864 | Lair:2   | Noticed a six-headed hydra
 16946 | Lair:2   | Killed a six-headed hydra
 17173 | Lair:2   | Killed a seven-headed hydra
 17495 | Lair:3   | Noticed Josephine
 17502 | Lair:3   | Killed Josephine
 17514 | Lair:3   | Noticed Urug
 17760 | Lair:3   | Killed Urug
 17761 | Lair:3   | Reached XP level 13. HP: 104/146 MP: 13/13
 17952 | Lair:3   | Found a hole to the Spider Nest.
 19185 | Lair:3   | Reached skill level 15 in Fighting
 19584 | Lair:4   | Reached skill level 5 in Evocations
 19594 | Lair:3   | Reached skill level 13 in Unarmed Combat
 20312 | Lair:4   | Found a transporter.
 20324 | Lair:4   | Noticed Zyxuithu's ghost (journeyman MeSh)
 20337 | Lair:4   | Found a one-way gate to the infinite horrors of the Abyss.
 20338 | Lair:4   | Found a transporter.
 20860 | Lair:5   | Entered Level 5 of the Lair of Beasts
 21443 | Lair:5   | Reached XP level 14. HP: 116/161 MP: 14/14
 22380 | Lair:5   | Found a staircase to the Slime Pits.
 22863 | Lair:5   | Noticed a dire elephant
 22875 | Lair:5   | Killed a dire elephant
 22980 | Lair:5   | Identified the +6 glaive "Qevvom" {flame, rF++ Int-4}
 23145 | Lair:5   | Reached skill level 5 in Dodging
 24161 | Lair:1   | Killed Gastronok
 25070 | D:11     | Found a staircase to the Orcish Mines.
 25075 | D:11     | Noticed Grum
 25089 | D:11     | Killed Grum
 25738 | D:12     | Found a runed translucent gate.
 25739 | D:12     | Found a runed translucent gate.
 25740 | D:12     | Found a runed translucent gate.
 25744 | D:12     | Noticed Enofyubu's ghost (journeyman MiHu)
 25877 | D:12     | Reached skill level 14 in Unarmed Combat
 26839 | D:13     | Found Sitsohirr's Distillery.
 27340 | D:13     | Reached XP level 15. HP: 149/174 MP: 15/15
 27794 | D:13     | Found a stormy altar of Qazlal.
 28199 | D:12     | Bought a granite talisman for 1080 gold pieces
 28280 | D:14     | Noticed Louise
 28296 | D:13     | Killed Louise
 28476 | D:14     | Found a runed translucent gate.
 28828 | D:14     | Found a gate to the Vaults.
 29333 | D:14     | Found a runed translucent gate.
 29336 | D:14     | Found an ancient bone altar of Kikubaaqudgha.
 29336 | D:14     | Noticed a lich
 29337 | D:14     | Found a runed translucent gate.
 29337 | D:14     | Noticed a lich
 29337 | D:14     | Noticed a lich
 29337 | D:14     | Noticed Naluerik's ghost (journeyman MiFi)
 29337 | D:14     | Noticed a lich
 29394 | D:14     | Killed a lich
 29398 | D:14     | Killed a lich
 29403 | D:14     | Killed a lich
 29414 | D:14     | Killed Naluerik's ghost
 29416 | D:14     | Killed a lich
 29425 | D:14     | Identified the +0 helmet "Vuvael" {rF+ MP+9}
 29428 | D:14     | Identified the ring of Ignis's Indignation {Fly rN+ Str+2}
 29561 | D:15     | Entered Level 15 of the Dungeon
 29765 | D:15     | Found an iron altar of Okawaru.
 29830 | D:15     | Found a staircase to the Depths.
 31012 | Orc:1    | Entered Level 1 of the Orcish Mines
 31142 | Orc:2    | Entered Level 2 of the Orcish Mines
 31409 | Orc:2    | Reached skill level 1 in Shields
 31502 | Orc:2    | Noticed Saint Roka
 31505 | Orc:2    | Found a staircase to the Elven Halls.
 31528 | Orc:2    | Upgraded the game from 0.31-a0-1370-gf52a5a9ab3 to
                  | 0.31-a0-1388-g4b2ba238e7
 31545 | Orc:2    | Killed Saint Roka
 31546 | Orc:2    | Reached skill level 15 in Unarmed Combat
 31546 | Orc:2    | Reached XP level 16. HP: 187/187 MP: 16/16
 31848 | Orc:2    | Found Sabid's Antique Weapon Boutique.
 31850 | Orc:2    | Found Roul's Antique Armour Shop.
 32131 | Orc:2    | Found Pifity's Weapon Shop.
 32309 | Orc:2    | Found Duax's Weapon Shoppe.
 32832 | Spider:1 | Entered Level 1 of the Spider Nest
 33202 | Spider:1 | Reached skill level 15 in Shapeshifting
 34316 | Spider:1 | Noticed Rupert
 34986 | Spider:2 | Found a frozen archway.
 35102 | IceCv    | Entered an ice cave
 35194 | IceCv    | Found a transporter.
 35249 | IceCv    | Found a transporter.
 35505 | Spider:2 | Reached skill level 5 in Shields
 36492 | Spider:3 | Reached XP level 17. HP: 198/198 MP: 17/17
 38054 | Spider:4 | Entered Level 4 of the Spider Nest
 38054 | Spider:4 | Identified the serpent talisman of the Dice {rElec Will++
                  | Int-3}
 38054 | Spider:4 | Noticed Aizul
 38072 | Spider:4 | Killed Aizul
 39572 | Spider:4 | Identified the +0 pair of boots of the Teacher {Rampage}
 39605 | Spider:4 | Got a gossamer rune of Zot
 39867 | Shoals:1 | Entered Level 1 of the Shoals
 40093 | Shoals:1 | Found Punaocs's Assorted Antiques.
 40101 | Shoals:1 | Bought a scroll of blinking for 300 gold pieces
 40163 | Shoals:1 | Reached skill level 10 in Shields
 40409 | Shoals:1 | Noticed Roxanne
 40726 | Shoals:2 | Reached XP level 18. HP: 210/210 MP: 18/18
 40987 | Shoals:2 | Found a runed translucent door.
 41002 | Shoals:2 | Noticed MysticSailboat's ghost (journeyman GnAr)
 42445 | Shoals:3 | Noticed Ilsuiw
 42464 | Shoals:3 | Killed Ilsuiw
 42948 | Shoals:3 | Identified a scroll of acquirement
 42949 | Shoals:3 | Acquired a manual of Shields
 43033 | Shoals:4 | Entered Level 4 of the Shoals
 43712 | Shoals:4 | Got a barnacled rune of Zot
 43978 | Shoals:4 | Noticed Nikola
 43996 | Shoals:4 | Killed Nikola
 43997 | Shoals:4 | Reached XP level 19. HP: 134/219 MP: 19/19
 44057 | Shoals:4 | Reached skill level 15 in Shields
 45045 | Elf:1    | Entered Level 1 of the Elven Halls
 45062 | Elf:1    | Reached skill level 16 in Unarmed Combat
 45470 | Elf:1    | Paralysed by an air elemental for 1 turns
 45546 | Elf:1    | Found Iwonlepo's General Store.
 46805 | Elf:2    | Found a runed translucent door.
 46833 | Elf:2    | Found a runed translucent door.
 47055 | Abyss:3  | Cast into level 3 of the Abyss (+3 long sword of
                  | distortion)
 47120 | Abyss:3  | Reached skill level 17 in Unarmed Combat
 47136 | Abyss:3  | Noticed a Brimstone Fiend
 47144 | Abyss:3  | Reached skill level 1 in Stealth
 47152 | Abyss:3  | Noticed a Hell Sentinel
 47167 | Abyss:3  | Found a corrupted altar of Lugonu.
 47259 | Elf:2    | Escaped the Abyss
 47271 | Elf:2    | Reached XP level 20. HP: 90/228 MP: 20/20
 48031 | Elf:3    | Entered Level 3 of the Elven Halls
 48323 | Elf:3    | Found Juttib's Assorted Antiques.
 48331 | Elf:3    | Bought 2 potions of curing for 234 gold pieces
 48331 | Elf:3    | Bought a potion of heal wounds for 195 gold pieces
 48331 | Elf:3    | Bought a potion of resistance for 390 gold pieces
 48598 | Elf:3    | HP: 1/296 [deep elf elementalist/Lee's Rapid Deconstruction
                  | (47)]
 48655 | Elf:3    | Reached skill level 5 in Stealth
 49142 | Elf:3    | Identified the staff "Lunamik" {rElec rF++ Conj Ice}
 49429 | Elf:3    | Identified the ring of Ephemeral Luck {rPois rF++ rC+
                  | Will+}
 49654 | Vaults:1 | Entered Level 1 of the Vaults
 49669 | Vaults:1 | Found Learrymn's Armour Shop.
 49682 | Vaults:1 | Reached skill level 18 in Unarmed Combat
 49823 | Vaults:1 | Bought the +10 tower shield of Ignorance {rN+ Int-4} for
                  | 1031 gold pieces
 49823 | Vaults:1 | Found the +10 tower shield of Ignorance {rN+ Int-4}
 51004 | Vaults:2 | Found a magical portal.
 51009 | WizLab   | Entered The Roulette of Golubria
 51009 | WizLab   | Found a transporter.
 51012 | WizLab   | Found a corrupted altar of Lugonu.
 51024 | WizLab   | Reached XP level 21. HP: 237/237 MP: 21/21
 51033 | WizLab   | Found a transporter.
 51077 | WizLab   | Found a transporter.
 51249 | WizLab   | Found a transporter.
 51249 | WizLab   | Found a transporter.
 51349 | WizLab   | Found a transporter.
 51349 | WizLab   | Found a transporter.
 51518 | WizLab   | Found a transporter.
 51518 | WizLab   | Found a transporter.
 51538 | WizLab   | Found a transporter.
 51538 | WizLab   | Found a transporter.
 51581 | WizLab   | Found a transporter.
 51581 | WizLab   | Found a transporter.
 51677 | WizLab   | Identified the +0 cloak of Orulaus {Harm Str+6 Dex+3
                  | Stlth-}
 51814 | WizLab   | Got Golubria's Exposition on Angles
 51835 | WizLab   | Got Golubria's Information on Topology
 52521 | Vaults:2 | Identified the +0 hat of the Monk {rPois}
 52529 | Vaults:2 | Found Nisowol's Book Emporium.
 52700 | Vaults:2 | Identified the staff of the Sufficient God {rElec rPois
                  | Str+3 Alchemy}
 52700 | Vaults:2 | Identified the +5 chain mail of Moqekke {rElec}
 52769 | Vaults:2 | Identified the ring of the Ubiquitous Lemon {rF+ Slay+4}
 52774 | Vaults:2 | Identified the ring "Epneip" {rPois Int+6}
 53569 | Vaults:3 | Reached skill level 19 in Unarmed Combat
 53776 | Vaults:3 | Reached XP level 22. HP: 247/247 MP: 22/22
 53875 | Vaults:3 | Found a staircase to the Crypt.
 53959 | Vaults:3 | Noticed Norris
 54373 | Vaults:3 | Reached skill level 10 in Dodging
 54567 | Vaults:4 | Noticed Donald
 54576 | Vaults:4 | Killed Donald
 54655 | Vaults:4 | Found a crumbling gateway.
 54660 | Desolati | Entered the Desolation of Salt
 54896 | Desolati | Identified the ring "Ynaon" {Will- MP+9 Dex+3 SInv}
 54899 | Desolati | Identified the +9 hand axe of Quozaquh {heavy, rElec rF+
                  | Will- SInv}
 54941 | Desolati | Identified the ring "Wanteym" {rF- rN+ MP+9 Str+5 SInv}
 55055 | Desolati | Got Sif Muna's Secrets of Galvanic Snow
 55061 | Desolati | Identified the +3 plate armour of Lewunuwnui {+Blink rPois
                  | Int+3}
 55129 | Desolati | Identified the amulet "Piniaxuo" {Acrobat Stlth+}
 55217 | Desolati | Got the Tractate on Open Graves and the Chill
 55219 | Desolati | Identified the amulet of the King {Reflect +Blink Dex+3
                  | SH+5}
 55420 | Desolati | Identified the +0 chain mail of Ijekheinn {rElec Dex+3}
 55716 | Vaults:4 | Found Baeczo's General Store.
 55724 | Vaults:4 | Bought a scroll of fog for 48 gold pieces
 55886 | Vaults:4 | Reached skill level 5 in Throwing
 56763 | Depths:1 | Entered Level 1 of the Depths
 56765 | Depths:1 | Found a one-way gateway to a ziggurat.
 57011 | Depths:1 | Found a stormy altar of Qazlal.
 57026 | Depths:1 | Reached XP level 23. HP: 254/254 MP: 23/23
 57106 | Depths:1 | Reached skill level 20 in Unarmed Combat
 57576 | Depths:1 | Found a gateway to Hell.
 58024 | Depths:2 | Found a one-way gate leading to the halls of Pandemonium.
 58075 | Depths:2 | Noticed a caustic shrike
 58076 | Depths:2 | Noticed a golden dragon
 58080 | Depths:2 | Killed a caustic shrike
 58086 | Depths:2 | Killed a golden dragon
 58188 | Depths:2 | Reached skill level 1 in Necromancy
 58196 | Depths:2 | Found a blossoming altar of Fedhas.
 58386 | Depths:2 | Learned a level 3 spell: Fugue of the Fallen
 58386 | Depths:2 | Identified the +8 shortbow "Dyxtat" {drain, rElec rPois rF+
                  | Dex+2}
 58466 | Depths:2 | Identified the +8 mace of the Wilderness {freeze, Dex+3}
 58824 | Depths:2 | Reached skill level 1 in Spellcasting
 58954 | Depths:2 | Found a snail-covered altar of Cheibriados.
 59216 | Depths:2 | Noticed a golden dragon
 59440 | Depths:2 | Acquired 1160 gold pieces
 59719 | Depths:3 | Reached XP level 24. HP: 265/265 MP: 27/27
 59965 | Depths:3 | Reached skill level 5 in Necromancy
 60590 | Depths:3 | Reached skill level 15 in Dodging
 60713 | Depths:4 | Entered Level 4 of the Depths
 60744 | Depths:4 | Noticed a juggernaut
 60751 | Depths:4 | Killed a juggernaut
 61123 | Depths:4 | Noticed Margery
 61139 | Depths:4 | Killed Margery
 61171 | Depths:4 | Reached skill level 5 in Spellcasting
 61514 | Depths:4 | Found a gate to the Realm of Zot.
 62896 | Vaults:5 | Entered Level 5 of the Vaults
 62917 | Vaults:5 | Reached skill level 21 in Unarmed Combat
 62923 | Vaults:5 | Noticed Mennas
 62946 | Vaults:5 | Killed Mennas
 63021 | Vaults:5 | Identified the -1 pair of boots of Rotten Curiosity {rElec}
 63099 | Vaults:5 | Reached XP level 25. HP: 273/273 MP: 32/32
 63168 | Vaults:5 | Identified the +8 war axe of Qonniapu {flame, rPois Will+++
                  | Int-5 Dex-4}
 63179 | Vaults:5 | Identified the ring "Tuunurch" {rF- Will+ rCorr Str+3
                  | Dex+2}
 63305 | Vaults:5 | Got a silver rune of Zot
 63332 | Vaults:5 | Identified the staff "Gougol" {rPois Summ Alchemy}
 63356 | Vaults:5 | Noticed an ancient lich
 63802 | Vaults:5 | Got Hodyniw's Codex of the Venomous Mantle
 63886 | Vaults:5 | Identified the +12 quarterstaff of the Glimmering King
                  | {drain, Fly rN+}
 63971 | Vaults:5 | Identified the staff "Demonbane" {rN+ rCorr Int+5 Necro}
 64488 | Vaults:5 | Noticed an ancient lich
 64495 | Vaults:5 | Killed an ancient lich
 64870 | Zot:1    | Entered Level 1 of the Realm of Zot
 65598 | Zot:5    | Entered Level 5 of the Realm of Zot
 65848 | Zot:5    | Got a prismatic gem with 120 turns to spare
 65852 | Zot:5    | Reached skill level 22 in Unarmed Combat
 65859 | Zot:5    | Noticed an orb of fire
 65859 | Zot:5    | Noticed an ancient lich
 65859 | Zot:5    | Noticed an orb of fire
 65859 | Zot:5    | Noticed a Killer Klown
 65859 | Zot:5    | Noticed an orb of fire
 65860 | Zot:5    | Noticed a Killer Klown
 65863 | Zot:5    | Noticed an orb of fire
 65866 | Zot:5    | Killed a dread lich
 65879 | Zot:5    | Reached XP level 26. HP: 283/283 MP: 32/32
 65887 | Zot:5    | Got the Orb of Zot
 65889 | Zot:5    | Noticed a Killer Klown
 65902 | Zot:5    | Killed a Killer Klown
 65906 | Zot:5    | Killed a Killer Klown
 65913 | Zot:5    | Killed a Killer Klown
 66044 | Zot:1    | Noticed Noenimaa the pandemonium lord
 66220 | Depths:1 | Noticed Nuehaeduno the pandemonium lord
 66231 | Depths:1 | Killed Nuehaeduno the pandemonium lord
 66575 | D:$      | Escaped with the Orb!

Illustrated notes

Levels and vault maps discovered:
D:1:      ncdulo_watergridlock, layout_basic, serial_bayou_pond_a
D:2:      layout_rooms, minmay_pentomino_s4
D:3:      layout_basic, mainiacjoe_overflow_catwalk, gup_sewer_entry_bowl,
          serial_shops, shop, minivault_23, minmay_cut_off
D:4:      layout_basic, lightli_ossuary_entry_decrepit_ruins
D:5:      layout_basic, nzn_wu_jian_council_hall
D:6:      layout_cave_pools, minmay_temple_entry_waves,
          dreamdust_mushroom_princess
D:7:      layout_loops_cross, chequers_temple_overflow_statue_of_worship,
          grunt_temple_overflow_open, enter_bailey_5, serial_shops,
          nicolae_shop_trees
D:8:      layout_loops_ring, mainiacjoe_overflow_alcove_1,
          kennysheep_slug_shrine, serial_shops, shop, nicolae_stop_n_shop_2,
          uniq_pikel
D:9:      layout_basic, lemuel_doored_altar, erik_lair_orcish_takeover
D:10:     layout_cave_pools, fedhas_ov_isle_minmay, serial_shops,
          nicolae_diamond_shop, nicolae_trove_entry_crossroad
D:11:     layout_basic, minmay_orc_entry_temple_small, uniq_grum
D:12:     layout_loops_ring, maelrawn_ghost_gauntlet_escape, special_room
          [special_room_orc]
D:13:     layout_cave_pools, serial_shops, shop, minmay_ruined_shrine
D:14:     layout_basic, hellmonk_vaults_order_and_chaos, gammafunk_ghost_crypt,
          kennysheep_nub, dreamdust_princess_bridge, hangedman_tell_no_tales,
          uniq_louise
D:15:     grunt_enter_depths_giant_problem, layout_loops_ring,
          nicolae_benzene_ring, okawaru_gym_becter
Temple:   nicolae_temple_ecumenical_triangle
Lair:1:   layout_cave_pods, minivault_19, uniq_gastronok
Lair:2:   layout_layer_cave, elwin_shoals_entry_rocks, lemuel_oklob_altar,
          grunt_megastairs_4
Lair:3:   layout_regular_city, spider_nest_entry_webs,
          pdpol_lair_cavern_descent, uniq_urug, uniq_josephine
Lair:4:   layout_loops_ring, gammafunk_ghost_abyssal_escape
Lair:5:   grunt_lair_end_beastmaster, layout_gridlike, slime_entry_1,
          grunt_megastairs_2
Shoals:1: argonaut_golden_fleece, layout_shoals, serial_shops, shop,
          uniq_roxanne
Shoals:2: layout_shoals, ebering_ghost_reflecting_pool
Shoals:3: layout_shoals, nicolae_shoals_drake_roost, uniq_ilsuiw
Shoals:4: shoals_end_grunt_ice, layout_shoals,
          nicolae_shoals_lost_giant_amphitheater, uniq_nikola
Spider:1: layout_chambers, uniq_rupert
Spider:2: layout_spider_delve, portal_ice_cave_entry_ice_statue_one
Spider:3: layout_spider_delve
Spider:4: grunt_spider_rune_circles, drop_trap, uniq_aizul
Orc:1:    layout_caves, serial_shops, nicolae_diamond_shop, uniq_fannar
Orc:2:    grunt_orc_community_town_hall, layout_diamond_mine,
          grunt_orc_community_big_house_2, grunt_orc_community_big_house_1,
          grunt_orc_community_house_3, grunt_orc_community_house_3,
          grunt_orc_community_house_2, grunt_orc_community_house_2,
          grunt_orc_community_house_3
Elf:1:    eino_elf_arrival_shootout, layout_gridlike, serial_shops, shop,
          kennysheep_underground_church
Elf:2:    elven_hall_of_blades_hangedman_original
          [nicolae_blade_entry_splitting_headache], layout_gridlike
Elf:3:    minmay_elf_hall_four_x, layout_loops_cross, serial_shops, shop,
          amcnicky_mini_rare_corridor_liquid, minivault_5, minivault_16
Vaults:1: nicolae_vaults_network_barrier, nicolae_vaults_theta,
          nicolae_vaults_layer_cake_slice,
          nicolae_vaults_taking_the_gang_shopping,
          nicolae_vaults_little_guard_posts, layout_vaults_omnigrid
Vaults:2: infiniplex_enter_wizlab_spiral, nicolae_vaults_angled_halls,
          v_pattern_2, nicolae_vaults_house_2,
          nicolae_vaults_offset_grid_hallway_3,
          vaults_standard_mumra_enter_the_diamond, ontoclasm_vaults_misaligned,
          nicolae_vaults_trapezoid_4, nicolae_vaults_tetromino_L_1,
          ontoclasm_vaults_claustrophobia, nicolae_vaults_closet_pinwheel_2,
          nicolae_vaults_trapezoid_lopsided_1, nicolae_vaults_little_squares_3,
          nicolae_vaults_storing_the_good_stuff, vaults_dpeg_emergency_exit,
          nicolae_vaults_mini_display_case, layout_vaults_omnicross,
          serial_shops, shop
Vaults:3: minmay_crypt_entry_simple_walls, nicolae_vaults_network_s,
          nicolae_vaults_heart-shaped_vault, nicolae_vaults_double_plus_2,
          lightli_church_of_beogh, nicolae_vaults_yaktaur_gun_rack, v_misc_3,
          vaults_mumra_minichess, nicolae_vaults_closet_pinwheel_6,
          nicolae_vaults_little_squares_4, layout_vaults_maze_snakey,
          uniq_norris
Vaults:4: portal_desolation_entry_ruin, nicolae_vaults_closet_pinwheel_3,
          nicolae_vaults_border_crossing, nicolae_vaults_diagonal_hallway_8,
          v_misc_26, nicolae_vaults_little_squares_1, v_rooms_5,
          vaults_standard_mumra_enter_the_diamond, vaults_room_stairs_pillars,
          nicolae_vaults_house_3, nicolae_vaults_house_1, vaults_room_fours,
          layout_vaults_ring, serial_shops, shop, uniq_donald
Vaults:5: serial_shops, uniq_mennas
Depths:1: layout_cave_shapes, enter_ziggurat_d, nicolae_triple_integral,
          hell_entry, nicolae_abyss_entry_one_way_or_another,
          minmay_misc_feat_rows, grunt_qazlal_clouds
Depths:2: minmay_the_grid_octo_tiled_squarecenter
          [minmay_the_grid_octo_thin_diamonds,
          minmay_the_grid_octo_vomiting_pacman, minmay_the_grid_octo_pinwheel,
          minmay_the_grid_octo_checkered,
          minmay_the_grid_square_5x5_megaprize_checkered,
          minmay_the_grid_square_5x5_forky, minmay_the_grid_square_5x5_spiral,
          minmay_the_grid_square_5x5_longway,
          minmay_the_grid_square_5x5_inner_i], layout_gridlike, pan_entry,
          hell_entry, abyss_entry, lemuel_statue_altar, evilmike_minifort,
          serial_bayou_shore_b, uniq_josephina
Depths:3: dreamdust_merry_men, layout_basic, abyss_entry, hell_entry
Depths:4: grunt_zot_entry_funnels, layout_gridlike, moated_statue,
          grunt_metal_band, abyss_entry
Zot:1:    layout_basic, skrybe_zot_glass_3, hangedman_spider_trapstep
Zot:2:    layout_gridlike
Zot:3:    gammafunk_mikee_crab_dinner, layout_cellular_growth,
          grunt_ministairs_10, st_stairs_4
Zot:4:    layout_twisted_circle, lemuel_elevator
Zot:5:    layout_twisted_circle

Skill      XL: |  1  2  3  4  5  6  7  8  9 10 11 12 13 14 15 16 17 18 19 20 21 22 23 24 25 26 |
---------------+-------------------------------------------------------------------------------+-----
Fighting       | 3 4 5 6 7 9 11 12 14 15 17 18 19 20 | 20.0
Unarmed Combat | 1 2 3 4 5 7 8 10 11 12 13 14 15 17 18 19 20 21 22 | 22.4
Shapeshifting  | 1 2 3 4 6 7 9 10 11 12 14 16 17 | 17.1
Evocations     | 3 5 |  5.5
Dodging        | 3 5 6 9 12 14 16 19 20 | 20.0
Shields        | 2 5 10 14 17 19 20 | 20.0
Stealth        | 2 5 |  5.8
Throwing       | 6 7 |  7.9
Necromancy     | 4 8 |  8.1
Spellcasting   | 3 6 |  6.1
Maces & Flails | |  3.0

Action                     |  1- 3 |  4- 6 |  7- 9 | 10-12 | 13-15 | 16-18 | 19-21 | 22-24 | 25-27 || total
---------------------------+-------+-------+-------+-------+-------+-------+-------+-------+-------++-------
  Melee: Flail             |    87 |       |   141 |   130 |       |       |       |       |       ||   358
         Headbutt          |    23 |    46 |    94 |    43 |    55 |   264 |   266 |   393 |   120 ||  1304
         Dagger            |    32 |   187 |   255 |       |       |       |       |       |       ||   474
         Punch             |     1 |     4 |    27 |    15 |    27 |    82 |       |       |       ||   156
         Short sword       |       |    17 |    57 |       |       |       |       |       |       ||    74
         Unarmed           |       |       |     6 |   355 |   891 |  1125 |  1124 |  1313 |   400 ||  5214
         Constrict         |       |       |       |    47 |   109 |       |       |       |       ||   156
  Throw: Throwing net      |     1 |     1 |     2 |     2 |     1 |     1 |       |       |       ||     8
         Large rock        |       |       |     1 |     1 |       |       |       |       |     3 ||     5
   Cast: Fugue of the Fall |       |       |       |       |       |       |       |    23 |     7 ||    30
 Invoke: Call Merchant     |       |       |     1 |     1 |     2 |       |       |       |       ||     4
         Potion Petition   |       |       |       |       |     3 |     3 |       |       |       ||     6
         Bribe Branch      |       |       |       |       |       |       |       |     1 |     4 ||     5
Ability: Begin Untransform |       |       |       |       |     1 |       |       |       |       ||     1
  Evoke: Wand              |       |       |     2 |    12 |     5 |    10 |     8 |       |     3 ||    40
         Phial of floods   |       |       |       |       |       |       |     1 |       |       ||     1
    Use: Scroll            |       |     6 |    10 |     3 |    14 |    12 |    12 |     6 |     5 ||    68
         Potion            |       |     2 |    10 |     4 |     3 |    12 |     9 |     6 |     3 ||    49
   Stab: Held in net/web   |       |     1 |       |       |       |       |       |       |       ||     1
         Invisible         |       |       |     1 |       |       |       |     2 |       |       ||     3
         Sleeping          |       |       |     1 |     3 |     2 |       |    15 |    15 |       ||    36
         Distracted        |       |       |       |     1 |     6 |    19 |     9 |    12 |     8 ||    55
         Paralysed         |       |       |       |       |       |       |       |       |     2 ||     2
         Petrifying        |       |       |       |       |       |       |       |       |     1 ||     1
 Armour: Robe              |    62 |   120 |   390 |   220 |       |       |       |       |       ||   792
         Skin              |       |       |    35 |   246 |  1007 |  2037 |   827 |  1042 |   286 ||  5480
  Dodge: Dodged            |    61 |   104 |   257 |   234 |   512 |   951 |   315 |   685 |   171 ||  3290
  Block: Tower shield      |       |       |       |       |       |   225 |  1621 |  2505 |   614 ||  4965
   Form: Blade             |       |       |       |     1 |     2 |       |       |       |       ||     3
         Serpent           |       |       |       |     1 |     2 |       |       |       |       ||     3
         Statue            |       |       |       |       |     1 |       |       |       |       ||     1

Table legend: (Time is in decaauts)
 A = Elapsed time spent in this place.
 B = Non-inter-level travel time spent in this place.
 C = Inter-level travel time spent in this place.
 D = Time resting spent in this place.
 E = Time spent auto-exploring this place.
 F = Levels seen in this place.
 G = Mean time per level.
                   A        B        C        D        E       F      G
               +--------+--------+--------+--------+--------+-----+--------+
         Total |  83980 |  77644 |   6336 |   4458 |  57452 |  55 | 1526.9 |
       Dungeon |  20718 |  18310 |   2408 |   1735 |  13256 |  15 | 1381.2 |
        Temple |     14 |     10 |      4 |      0 |      0 |   1 |   14.0 |
          Lair |  11045 |  10345 |    700 |   1189 |   7729 |   5 | 2209.0 |
        Shoals |   7350 |   7017 |    333 |    658 |   5017 |   4 | 1837.5 |
   Spider Nest |   9353 |   8705 |    648 |    169 |   7020 |   4 | 2338.2 |
  Orcish Mines |   2562 |   2364 |    198 |     27 |   1843 |   2 | 1281.0 |
   Elven Halls |   6313 |   5987 |    326 |     43 |   4689 |   3 | 2104.3 |
        Vaults |  10801 |   9844 |    957 |    235 |   7370 |   5 | 2160.2 |
        Depths |   9017 |   8386 |    631 |      0 |   6576 |   4 | 2254.2 |
           Zot |   1693 |   1566 |    127 |      0 |    881 |   5 |  338.6 |
         Abyss |    279 |    279 |      0 |      0 |     97 |   1 |  279.0 |
         Sewer |   1141 |   1141 |      0 |    145 |    796 |   1 | 1141.0 |
       Ossuary |    443 |    443 |      0 |      0 |    311 |   1 |  443.0 |
        Bailey |    662 |    662 |      0 |    254 |    183 |   1 |  662.0 |
      Ice Cave |    240 |    240 |      0 |      0 |    192 |   1 |  240.0 |
        Wizlab |   1219 |   1219 |      0 |      0 |    756 |   1 | 1219.0 |
    Desolation |   1123 |   1123 |      0 |      0 |    733 |   1 | 1123.0 |
               +--------+--------+--------+--------+--------+-----+--------+

Top non-repeatable levels by time:
Spider:1: 3150 daAuts
  Lair:1: 2920 daAuts
Depths:4: 2810 daAuts
Shoals:3: 2615 daAuts
Depths:2: 2540 daAuts
Spider:4: 2494 daAuts
Vaults:2: 2447 daAuts
  Lair:3: 2297 daAuts
  Lair:2: 2292 daAuts
Vaults:4: 2255 daAuts
    D:15: 2194 daAuts
   Elf:3: 2148 daAuts
Vaults:5: 2136 daAuts
    D:14: 2122 daAuts
Vaults:1: 2122 daAuts
